 Dungeon Crawl Stone Soup version 0.29.1-2-gbd0b4ee654 (webtiles) character file.

Game seed: 6692093924831115087

1782 xian the Destroyer (level 9, -3/46 HPs)
             Began as a Tengu Conjurer on Nov 22, 2022.
             Was an Initiate of Fedhas.
             Engulfed by a steam dragon's steam (10 damage)
             ... on level 7 of the Dungeon.
             The game lasted 00:14:27 (7291 turns).

xian the Destroyer (Tengu Conjurer)                 Turns: 7291, Time: 00:14:28

Health: -3/46      AC:  7    Str:  8    XL:     9   Next: 8%
Magic:  13/20      EV: 14    Int: 23    God:    Fedhas [......]
Gold:   277        SH:  0    Dex: 12    Spells: 14/21 levels left

rFire   x . .      SeeInvis .   c - +2 dagger (venom)
rCold   + . .      Faith    .   (no shield)
rNeg    . . .      Spirit   .   f - +0 leather armour
rPois   .          Reflect  .   (helmet restricted)
rElec   .          Harm     .   (no cloak)
rCorr   .          Rampage  .   (no gloves)
Will    .....                   (boots unavailable)
Stlth   ++........              B - amulet of magic regeneration
HPRegen 0.15/turn               j - ring of ice
MPRegen 0.57/turn               t - +4 ring of protection

@: flying quickly and evasively, quick
A: beak, talons 3, nimble flight
a: Renounce Religion


You were on level 7 of the Dungeon.
You worshipped Fedhas.
Fedhas was noncommittal.
You visited 1 branch of the dungeon, and saw 7 of its levels.

You collected 277 gold pieces.

Inventory:

Hand Weapons
 c - a +2 dagger of venom (weapon)
Armour
 f - a +0 leather armour (worn)
Jewellery
 j - a ring of ice (left hand)
 t - a +4 ring of protection (right hand)
 B - an amulet of magic regeneration (around neck)
Wands
 a - a wand of quicksilver (10)
Scrolls
 e - 2 scrolls of magic mapping {unknown}
 g - 2 scrolls of silence
 i - 4 scrolls of blinking {unknown}
 k - 3 scrolls of vulnerability {unknown}
 o - a scroll of enchant armour
 p - 2 scrolls of enchant weapon {unknown}
 q - 2 scrolls of poison {unknown}
 r - a scroll of brand weapon
 s - a scroll of fear
 u - 3 scrolls of acquirement {unknown}
 y - a scroll of butterflies
Potions
 b - 2 potions of magic
 d - a potion of resistance
 h - a potion of ambrosia {unknown}
 l - 11 potions of heal wounds {unknown}
 m - 3 potions of flight {unknown}
 n - a potion of degeneration {unknown}
 v - 2 potions of brilliance {unknown}
 w - 2 potions of cancellation {unknown}
 x - a potion of mutation {unknown}
 z - 4 potions of curing {unknown}
 A - 2 potions of attraction {unknown}


   Skills:
 + Level 0.8 Fighting
 + Level 1.6 Short Blades
 + Level 2.9 Armour
 + Level 3.7 Dodging
 + Level 4.2 Stealth
 + Level 6.6 Spellcasting
 + Level 10.4 Conjurations


You had 14 spell levels left.
You knew the following spells:

 Your Spells              Type           Power      Damage    Failure   Level
a - Magic Dart            Conj           100%       1d8       1%          1
b - Searing Ray           Conj           100%       2d8       1%          2
c - Iskenderun's Mystic   Conj/Tloc      31%        2d8       13%         4

Your spell library contained the following spells:

 Spells                   Type           Power      Damage    Failure   Level
 Dazzling Flash           Conj/Hex       62%        N/A       4%          3
 Necrotise                Necr           28%        1d5       11%         1
 Slow                     Hex            28%        N/A       11%         1
 Fulminant Prism          Conj/Hex       15%        3d11      13%         4
 Confusing Touch          Hex            7%         N/A       32%         3
 Vampiric Draining        Necr           7%         2d6       32%         3
 Agony                    Necr           7%         N/A       97%         5


Dungeon Overview and Level Annotations

Branches:
Dungeon (7/15)
 Temple: D:4-7

Altars:
Cheibriados
Fedhas
Gozag
Kikubaaqudgha
Okawaru
Ru

Shops:
D:3 [

Annotations:
D:5 1 transporter, ZoeForever1's ghost, novice DsTm


Innate Abilities, Weirdness & Mutations

You have a beak for a mouth.
You have claws for feet.
Your magical nature lets you fly swiftly and evasively.


Message History

The searing ray misses the water moccasin.
The water moccasin closely misses you. The water moccasin barely misses you.
Unknown command.
The searing ray hits the water moccasin!
The water moccasin is severely wounded.
The water moccasin closely misses you.
Unknown command.
The searing ray hits the water moccasin.
The water moccasin is severely wounded.
The searing ray hits the gnoll!
The gnoll is severely wounded.
You finish channelling your searing ray.
The water moccasin bites you.
Unknown command.
Casting: Searing Ray (safe; 1% risk of failure)
Confirm with . or Enter, or press ? or * to list all spells.
Aiming: Searing Ray (safe; 1% risk of failure)
Press: ? - help, Shift-Dir - straight line The searing ray hits the water moccasin.
The water moccasin is almost dead.
The searing ray hits the gnoll!
You kill the gnoll!
Fedhas appreciates your contribution to the ecosystem. (Press . to maintain the ray.)
The water moccasin bites you. The water moccasin closely misses you.
The searing ray hits the water moccasin!
You kill the water moccasin!
Fedhas appreciates your contribution to the ecosystem.
The searing ray hits the steam dragon.
The steam dragon is moderately wounded.
The steam dragon breathes steam at you.
The ball of steam hits the gnoll!!
The gnoll dies!
The ball of steam hits you!! The steam scalds you terribly!
Ouch! That really hurt!
* * * LOW HITPOINT WARNING * * *
You hear a shout!
You are engulfed in a cloud of scalding steam.
You die...
Fedhas appreciates your contribution to the ecosystem.

..... .....##....## .....# #...
#......# ......# #..###.....##
....... #..##.......# ###
......$ ##..#...(....##..#
....... ###................
......)###.#........##.....
........##...............#
.........D)§§@§§....###.>#
..............#.##.#.....##
...$.........#######......# ..
.............#### #..#...##
................#.####..#....#
.......#..........#........##
#..###.#.........#..........#
##.####......<...............#
##...#...........#.#.........##


There were no monsters in sight!

Vanquished Creatures
  Sigmund (D:5)
  Eustachio (D:4)
  A water moccasin (D:7)
  An ice beast (D:7)
  A black bear (D:7)
  2 ogres
  A phantom (D:5)
  A kobold brigand (D:6)
  3 bullfrogs
  A necrophage (D:5)
  3 hounds (D:4)
  3 jellies
  3 orc priests (D:6)
  An iguana (D:5)
  Natasha (thrice) (D:4)
  9 adders
  2 gnolls (D:7)
  A shadow imp (D:6)
  An ufetubus (D:5)
  2 worms
  4 dart slugs
  22 orcs
  5 bats
  8 endoplasms
  5 giant cockroaches
  7 goblins
  9 hobgoblins
  5 jackals
  6 quokkas
  10 ball pythons
  6 frilled lizards
  11 kobolds
  4 rats
143 creatures vanquished.

Vanquished Creatures (others)
  A gnoll (D:7)
  2 plants (D:3)
3 creatures vanquished.

Grand Total: 146 creatures vanquished

Notes
Turn   | Place    | Note
-------+----------+-------------------------------------------
     0 | D:1      | xian the Tengu Conjurer began the quest for the Orb.
     0 | D:1      | Reached XP level 1. HP: 10/10 MP: 4/4
   169 | D:1      | Reached XP level 2. HP: 15/15 MP: 3/6
   187 | D:1      | Learned a level 2 spell: Searing Ray
   362 | D:1      | Reached skill level 6 in Conjurations
   593 | D:1      | Reached XP level 3. HP: 13/19 MP: 3/7
  1743 | D:2      | Reached XP level 4. HP: 24/24 MP: 4/8
  2230 | D:2      | Found a faded altar of an unknown god.
  2647 | D:3      | Reached skill level 7 in Conjurations
  2838 | D:3      | Found Veuhaid's Antique Armour Shop.
  3333 | D:3      | Gained mutation: Your magical nature lets you fly swiftly
                  | and evasively. [Tengu growth]
  3333 | D:3      | Reached XP level 5. HP: 28/28 MP: 6/10
  3681 | D:4      | Found an opulent altar of Gozag.
  3859 | D:4      | Noticed Natasha
  3863 | D:4      | Killed Natasha
  3870 | D:4      | Noticed Natasha
  3874 | D:4      | Killed Natasha
  3875 | D:4      | Reached XP level 6. HP: 31/32 MP: 3/12
  4327 | D:4      | Noticed Eustachio
  4342 | D:4      | Killed Eustachio
  4343 | D:4      | Reached skill level 8 in Conjurations
  4445 | D:4      | Noticed Natasha
  4447 | D:4      | Killed Natasha
  4448 | D:4      | Reached XP level 7. HP: 36/36 MP: 10/14
  4481 | D:4      | Found a snail-covered altar of Cheibriados.
  4835 | D:4      | Learned a level 4 spell: Iskenderun's Mystic Blast
  4836 | D:5      | Entered Level 5 of the Dungeon
  4866 | D:5      | Noticed Sigmund
  5137 | D:5      | Killed Sigmund
  5138 | D:5      | Reached skill level 1 in Short Blades
  5191 | D:5      | Reached skill level 1 in Armour
  5191 | D:5      | Reached skill level 9 in Conjurations
  5212 | D:5      | Noticed ZoeForever1's ghost (novice DsTm)
  5243 | D:5      | Found a transporter.
  5381 | D:5      | Reached XP level 8. HP: 42/42 MP: 8/16
  5392 | D:5      | Reached skill level 5 in Spellcasting
  6058 | D:6      | Found a blossoming altar of Fedhas.
  6080 | D:6      | Became a worshipper of Fedhas Madash
  6809 | D:6      | Found an ancient bone altar of Kikubaaqudgha.
  6809 | D:6      | Found an iron altar of Okawaru.
  6810 | D:6      | Found a sacrificial altar of Ru.
  7061 | D:7      | Reached skill level 10 in Conjurations
  7182 | D:7      | Reached XP level 9. HP: 37/46 MP: 13/19
  7291 | D:7      | Engulfed by a steam dragon's steam

Illustrated notes

Levels and vault maps discovered:
D:1:      minmay_arrival_hallway, layout_basic
D:2:      layout_loops_corners, hellmonk_ecumenical_altar_run_dry,
          nicolae_titane
D:3:      corexii_shack_village, layout_rooms, serial_shops, shop,
          serial_park_tiny_1
D:4:      layout_basic, mainiacjoe_overflow_24_doors, lemuel_crystal_altar,
          serial_corexii_hall, chequers_hall_statues_corner_a,
          chequers_hall_statues_corner_a, uniq_eustachio, uniq_natasha
D:5:      layout_loops_ring, gammafunk_ghost_smash,
          minmay_misc_feat_secret_circle, uniq_sigmund
D:6:      layout_cave_pools, mainiacjoe_overflow_tiny_flanked,
          gammafunk_temple_overflow_claw, minmay_misc_feat_chi, chequers_jeans,
          minmay_misc_feat_x
D:7:      layout_cave_pools, kennysheep_little_box,
          minmay_temple_entry_offerings

Skill      XL: |  1  2  3  4  5  6  7  8 |
---------------+-------------------------+-----
Conjurations   | 6 7 8 9 10 | 10.4
Spellcasting   | 3 4 6 |  6.6
Dodging        | 3 |  3.7
Short Blades   | 1 |  1.6
Stealth        | 3 4 |  4.2
Armour         | 1 2 |  2.9
Fighting       | |  0.8

Action                   |  1- 3 |  4- 6 |  7- 9 || total
-------------------------+-------+-------+-------++-------
Melee: Dagger            |     7 |     7 |     9 ||    23
       Kick              |     2 |     1 |     1 ||     4
       Peck              |     1 |       |     2 ||     3
 Cast: Magic Dart        |    58 |   105 |    98 ||   261
       Searing Ray       |     3 |     5 |    28 ||    36
  Use: Scroll            |       |     4 |     1 ||     5
 Stab: Sleeping          |       |       |     1 ||     1
Armor: Robe              |     1 |     8 |       ||     9
       Leather armour    |       |     5 |    12 ||    17
Dodge: Dodged            |    10 |    25 |    37 ||    72
